 Dungeon Crawl Stone Soup version 0.29-a0-284-gf9362112df (webtiles) character file.

Game seed: 4445086548820845845

135213 enile the Warrior (level 16, -3/176 HPs)
             Began as a Minotaur Wanderer on Mar 15, 2022.
             Was a High Priest of Ashenzari.
             Succumbed to a sea snake's poison
             ... on level 3 of the Shoals.
             The game lasted 01:13:23 (43612 turns).

enile the Warrior (Minotaur Wanderer)              Turns: 43612, Time: 01:13:24

Health: -3/176     AC: 18    Str: 28    XL:     16   Next: 63%
Magic:  15/15      EV: 15    Int:  9    God:    Ashenzari [*****.]
Gold:   1590       SH: 24    Dex: 12    Spells: 15/15 levels left

rFire   + + .      SeeInvis +   b - +1 morningstar "Shackled Bitterness" {elec, rC+ Str+4 Dex-4, Cun, Evo} (curse)
rCold   + + +      Faith    .   u - +3 tower shield of Ashenzari's Seer {Self, Range} (curse)
rNeg    . . .      Spirit   .   R - +1 ring mail of Star-Bound Wisdom {+Blink rF+ Stlth+, Evo, Range} (curse)
rPois   .          Reflect  .   (helmet restricted)
rElec   .          Harm     .   c - +1 cloak of Ashenzari's Stickiness {Fort, Melee} (curse)
rCorr   .          Rampage  .   X - +2 pair of gloves of Cremastomancy {Fort, Cun} (curse)
Will    +....      Clarity  +   m - +0 pair of boots of Ashenzari's Adversity {Str+5, Melee, Fort} (curse)
Stlth   ++++......              D - amulet "Gnostic Ennui" {Acrobat, Comp, Fort} (curse)
HPRegen 0.39/turn               d - ring "Shattered Loss" {rF+, Melee, Range} (curse)
MPRegen 0.14/turn               h - ring of protection from cold

@: lethally poisoned (-3 -> -49)
A: horns 2, retaliatory headbutt, cold resistance 2, robust 1
a: Renounce Religion, Evoke Blink, Shatter the Chains


You were on level 3 of the Shoals.
You worshipped Ashenzari.
Ashenzari was extremely pleased with you.
You visited 4 branches of the dungeon, and saw 27 of its levels.
You visited the Abyss 1 time.

You collected 3529 gold pieces.
You spent 1939 gold pieces at shops.

Inventory:

Hand Weapons
 b - the cursed +1 morningstar "Shackled Bitterness" (weapon) {elec, rC+ Str+4 Dex-4, Cun, Evo}
   (You found it on level 4 of the Lair of Beasts)

   It occasionally discharges a powerful burst of electricity upon striking a
   foe.
   Str:       It affects your strength (+4).
   Dex:       It affects your dexterity (-4).
   rC:        It protects you from cold.
   It has a curse which improves the following skills: Cunning: Dodging and
   Stealth.
   Evocations: Evocations.
 x - a +2 morningstar of holy wrath
 I - a +1 morningstar of venom
Missiles
 q - 5 silver javelins (quivered)
 s - 3 javelins
 v - 9 silver boomerangs
 P - 5 atropa-tipped darts
 V - 2 throwing nets
Armour
 c - the cursed +1 cloak of Ashenzari's Stickiness (worn) {Fort, Melee}

   It has a curse which improves the following skills: Fortitude: Armour and
   Shields.
   Melee Combat: Short Blades, Long Blades, Axes, Maces & Flails, Polearms,
   Staves and Unarmed Combat.
 e - a +2 ring mail of willpower
 m - the cursed +0 pair of boots of Ashenzari's Adversity (worn) {Str+5, Melee, Fort}
   (You found it on level 12 of the Dungeon)

   Str:       It affects your strength (+5).
   It has a curse which improves the following skills: Melee Combat: Short
   Blades, Long Blades, Axes, Maces & Flails, Polearms, Staves and Unarmed
   Combat.
   Fortitude: Armour and Shields.
 u - the cursed +3 tower shield of Ashenzari's Seer (worn) {Self, Range}
   (You found it on level 3 of the Dungeon)

   It has a curse which improves the following skills: Introspection: Fighting
   and Spellcasting.
   Ranged Combat: Slings, Bows, Crossbows and Throwing.
 R - the cursed +1 ring mail of Star-Bound Wisdom (worn) {+Blink rF+ Stlth+, Evo, Range}
   (You found it on level 1 of the Lair of Beasts)

   rF:        It protects you from fire.
   +Blink:    It lets you blink.
   Stlth:     It makes you more stealthy.
   It has a curse which improves the following skills: Evocations: Evocations.
   Ranged Combat: Slings, Bows, Crossbows and Throwing.
 U - a +2 plate armour of positive energy
 X - the cursed +2 pair of gloves of Cremastomancy (worn) {Fort, Cun}
   (You found it on level 14 of the Dungeon)

   It has a curse which improves the following skills: Fortitude: Armour and
   Shields.
   Cunning:   Dodging and Stealth.
Jewellery
 d - the cursed ring "Shattered Loss" (left hand) {rF+, Melee, Range}
   (You found it on level 6 of the Lair of Beasts)

   [ring of protection from fire]

   rF:        It protects you from fire.
   It has a curse which improves the following skills: Melee Combat: Short
   Blades, Long Blades, Axes, Maces & Flails, Polearms, Staves and Unarmed
   Combat.
   Ranged Combat: Slings, Bows, Crossbows and Throwing.
 h - a ring of protection from cold (right hand)
 A - an amulet of guardian spirit
 D - the cursed amulet "Gnostic Ennui" (around neck) {Acrobat, Comp, Fort}
   (You found it on level 6 of the Dungeon)

   [amulet of the acrobat]

   It increases your evasion while moving and waiting.
   It has a curse which improves the following skills: Companions: Summonings
   and Necromancy.
   Fortitude: Armour and Shields.
 N - the amulet of Juttoph {Faith rF- Str+4}
   (You found it on level 2 of the Lair of Beasts)

   [amulet of faith]

   It allows you to gain divine favour quickly.
   Str:       It affects your strength (+4).
   rF:        It makes you vulnerable to fire.
 O - an amulet of reflection
 Q - an amulet of regeneration
Wands
 k - a wand of digging (20)
 y - a wand of paralysis (3)
 z - a wand of flame (26)
 E - a wand of acid (29)
 F - a wand of mindburst (32)
 H - a wand of iceblast (2)
Scrolls
 f - 3 scrolls of fear
 i - 7 scrolls of blinking
 j - 5 scrolls of teleportation
 r - 6 scrolls of magic mapping
 C - 2 scrolls of holy word
 K - 8 scrolls of fog
 L - 4 scrolls of immolation
 M - 3 scrolls of silence
 T - a scroll of torment
 Y - a scroll of summoning
 Z - 3 scrolls of vulnerability
Potions
 a - a potion of resistance
 g - 5 potions of flight
 l - 10 potions of curing
 o - 3 potions of invisibility
 p - a potion of brilliance
 t - 3 potions of haste
 w - 3 potions of cancellation
 B - 5 potions of mutation
 G - 3 potions of might
 J - 4 potions of heal wounds
 S - a potion of magic
Miscellaneous
 n - a lightning rod (2/4)


   Skills:
 - Level 16.8(19.0) Fighting
 - Level 3.6(7.5) Long Blades
 - Level 14.1(18.6) Maces & Flails
 - Level 1.2(9.9) Staves
 - Level 10.0(14.5) Throwing
 - Level 12.3(17.8) Armour
 - Level 10.0(13.4) Dodging
 - Level 4.1(7.2) Stealth
 - Level 14.5(20.0) Shields
 - Level 1.0 Invocations
 + Level 12.6(16.0) Evocations


You had 15 spell levels left.
You didn't know any spells.
Your spell library contained the following spells:

 Spells                   Type           Power      Damage    Failure   Level
 Animate Skeleton         Necr           0%         N/A       67%         1
 Pain                     Necr           0%         1d4       67%         1
 Sublimation of Blood     Necr           0%         N/A       82%         2
 Corpse Rot               Necr/Air       0%         N/A       83%         2
 Blink                    Tloc           0%         N/A       86%         2
 Ensorcelled Hibernation  Hex/Ice        0%         N/A       86%         2
 Passwall                 Tmut/Erth      0%         N/A       86%         2
 Vampiric Draining        Necr           0%         2d6       96%         3
 Dazzling Flash           Conj/Hex       0%         N/A       97%         3
 Gell's Gravitas          Tloc           0%         N/A       97%         3
 Lesser Beckoning         Tloc           0%         N/A       97%         3
 Stone Arrow              Conj/Erth      0%         3d7       97%         3
 Swiftness                Air            0%         N/A       97%         3
 Teleport Other           Tloc           0%         N/A       97%         3
 Tukima's Dance           Hex            0%         N/A       97%         3
 Animate Armour           Summ/Erth      0%         N/A       100%        4
 Animate Dead             Necr           0%         N/A       100%        4
 Dispel Undead            Necr           0%         3d6       100%        4
 Fulminant Prism          Conj/Hex       0%         3d6       100%        4
 Iskenderun's Mystic Bla  Conj/Tloc      0%         2d3       100%        4
 Blade Hands              Tmut           0%         N/A       100%        5
 Borgnjor's Vile Clutch   Necr/Erth      0%         N/A       100%        5
 Excruciating Wounds      Necr           0%         N/A       100%        5
 Irradiate                Conj/Tmut      0%         3d14      100%        5
 Lee's Rapid Deconstruct  Erth           0%         3d5*      100%        5
 Manifold Assault         Tloc           0%         N/A       100%        5
 Summon Forest            Summ/Tloc      0%         N/A       100%        5
 Death Channel            Necr           0%         N/A       100%        6
 Eringya's Noxious Bog    Tmut/Pois      0%         N/A       100%        6
 Starburst                Conj/Fire      0%         6d3       100%        6
 Dragon Form              Tmut           0%         N/A       100%        7
 Storm Form               Tmut/Air       0%         N/A       100%        7
 Summon Hydra             Summ           0%         N/A       100%        7
 Discord                  Hex            0%         N/A       100%        8
 Lehudib's Crystal Spear  Conj/Erth      0%         10d2      100%        8


Dungeon Overview and Level Annotations

Branches:
Dungeon (15/15)            Temple (0/1) D:4            Lair (6/6) D:10
 Shoals (4/4) Lair:4       Spider (0/4) Lair:4        Slime (0/5) Lair:6
    Orc (2/2) D:11            Elf (0/3) Orc:2        Vaults (0/5) D:14
 Depths (0/4) D:15

Altars:
Ashenzari
Kikubaaqudgha
Makhleb
Beogh
Jiyva

Shops:
D:8 !   Orc:2 ?****=

Annotations:
Lair:3 3 runed translucent doors, Esoa's ghost, journeyman DsMo


Innate Abilities, Weirdness & Mutations

You have a pair of horns on your head.
You reflexively headbutt those who attack you in melee.
Your flesh is very cold resistant. (rC++)
You are robust. (+10% HP)


Message History

You block the sea snake's attack.
You closely miss the merfolk javelineer.
You headbutt the merfolk javelineer.
The merfolk javelineer is heavily wounded.
The sea snake bites you!
You are poisoned.
The sea snake poisons you!
The merfolk javelineer throws a javelin.
The javelin pierces through you!
Your unstable footing causes you to fumble your attack.
* * * LOW HITPOINT WARNING * * *
You feel extremely sick. You block the sea snake's attack.
You impale the merfolk javelineer!!
The merfolk javelineer is severely wounded.
* * * LOW HITPOINT WARNING * * *
You feel extremely sick. The sea snake closely misses you.
The merfolk javelineer throws a javelin.
The javelin pierces through you!!
* * * LOW HITPOINT WARNING * * *
Okay, then.
Blink to where?
Press: ? - help, Dir - move target, p - merfolk javelineer
As you read the scroll of blinking, it crumbles to dust.
* * * LOW HITPOINT WARNING * * *
You feel extremely sick.
* * * LOW HITPOINT WARNING * * *
You feel extremely sick.
You feel better. The sea snake attacks as you move away!
You block the sea snake's attack.
There is a stone staircase leading up here.
The sea snake bites you!
* * * LOW HITPOINT WARNING * * *
You are lethally poisoned!
The sea snake poisons you!
The merfolk javelineer throws a javelin.
The javelin misses you.
You climb upwards.
You die...

....#.≈≈..≈≈≈≈≈≈≈≈≈)≈≈≈≈≈≈≈≈≈≈≈≈.
.....≈≈..≈≈≈≈≈≈≈≈≈≈≈≈≈≈≈≈≈≈≈≈≈≈≈≈
≈≈.≈≈≈≈..≈≈≈≈≈≈≈≈≈≈≈≈≈.≈≈≈≈≈≈≈≈≈≈
≈≈...≈≈≈≈≈≈≈≈≈≈≈≈≈≈.....≈≈≈≈≈≈≈≈≈
≈≈.......≈≈≈≈≈≈≈≈)≈.##...≈≈≈≈≈≈≈≈
≈≈≈≈....≈≈≈≈≈≈≈≈≈)()###..)≈≈≈≈≈≈≈
≈≈≈≈≈.P≈≈≈≈≈≈≈≈≈≈..####..[≈≈≈≈≈≈≈
≈≈≈≈≈≈≈≈≈≈≈≈≈≈≈≈.<###..÷..≈≈≈≈≈≈≈
≈≈≈≈≈≈≈P≈≈≈≈≈≈≈S@###.....≈≈≈≈≈≈≈≈
≈≈≈≈≈≈≈≈≈≈≈≈≈≈≈.####..≈≈≈..≈≈≈≈≈.
≈≈≈≈≈≈≈≈≈≈≈≈≈P≈[.###..≈≈≈≈≈≈≈≈≈≈≈
≈≈≈≈≈≈######≈#≈≈..#....≈≈≈≈≈≈†≈≈≈
≈≈≈≈≈≈########≈≈P≈..###..≈≈≈.=..≈
≈≈####≈≈≈PPP≈≈####≈#####.....##.≈
≈≈P###.≈P≈PP.≈####≈.##.......##..
P≈#..P≈≈≈.PP≈≈≈≈##≈......######..
≈≈##≈≈≈#≈####≈≈≈ #≈≈≈≈≈≈.######..


You could see a sea snake.

Vanquished Creatures
  A stone giant (D:15)
  Nessos (Lair:5)
  Azrael (D:15)
  4 merfolk impalers
  A merfolk javelineer (Shoals:4)
  2 vault guards (D:14)
  7 hydras
  4 boulder beetles
  6 catoblepae
  10 centaur warriors
  4 merfolk avatars
  An alligator snapping turtle (Shoals:1)
  4 merfolk aquamancers
  A satyr (Shoals:3)
  2 two-headed ogres
  3 tengu warriors
  A death knight (D:13)
  Urug (Lair:3)
  18 death yaks
  3 orc high priests (Orc:2)
  A fire crab (shapeshifter) (D:14)
  A skeletal warrior (D:13)
  9 sea snakes
  A wizard (D:13)
  2 deep elf pyromancers
  11 ugly things
  4 orc knights (Orc:2)
  8 fauns
  5 harpies
  5 cyclopes
  4 orc sorcerers (Orc:2)
  13 manticores
  5 merfolk sirens
  6 water nymphs
  20 elephants
  2 gargoyles
  3 rime drakes
  3 black mambas
  6 komodo dragons
  12 cane toads
  2 unseen horrors
  An efreet (D:13)
  3 tengu conjurers
  2 trolls
  22 merfolk
  A hornet (D:9)
  A polar bear (shapeshifter) (D:15)
  7 polar bears
  2 wind drakes
  A boulder beetle zombie (D:6)
  18 blink frogs
  3 slime creatures
  8 snapping turtles
  5 dream sheep
  2 spriggans
  3 shadows
  6 water elementals
  99 yaks
  2 vampires
  3 wyverns
  11 humans
  A wraith (D:9)
  3 basilisks
  3 fire elementals (D:15)
  A redback (D:13)
  12 vampire mosquitoes
  2 wargs
  12 water moccasins
  3 hell hounds (D:15)
  A sky beast (D:6)
  4 black bears
  An ice beast (D:5)
  A manticore zombie (D:6)
  10 ogres
  29 orc warriors
  12 centaurs
  13 wolves
  A phantom (D:5)
  4 kobold brigands
  2 necrophages
  15 bullfrogs
  A scorpion (D:5)
  A cyclops skeleton (D:6)
  3 wights (D:10)
  A water moccasin zombie (D:5)
  A yak zombie (D:5)
  9 killer bees
  An electric eel (Lair:4)
  3 howler monkeys
  3 centaur zombies
  3 jellies
  13 orc priests
  3 hounds (D:6)
  2 gnoll shamans
  3 iguanas
  20 orc wizards
  A killer bee zombie (D:5)
  An ogre zombie (D:5)
  An acid dragon zombie (D:5)
  An acid dragon skeleton (D:5)
  A necrophage skeleton (D:5)
  A howler monkey zombie (D:5)
  11 gnolls
  A gnoll zombie (D:6)
  3 orc zombies
  10 adders
  A gnoll skeleton (D:5)
  An iguana skeleton (D:5)
  An orc skeleton (D:5)
  2 worms
  A dart slug (D:2)
  86 orcs
  8 ball pythons
  A bat zombie (D:5)
  9 endoplasms
  4 giant cockroaches
  10 goblins
  8 hobgoblins
  10 quokkas
  A ball python skeleton (D:5)
  A ball python zombie (D:5)
  11 bats
  6 frilled lizards
  28 kobolds
  5 kobold zombies
  A quokka skeleton (D:5)
  7 rats
828 creatures vanquished.

Vanquished Creatures (others)
  A merfolk aquamancer (Shoals:4)
  A deep elf pyromancer (D:13)
  A manticore (D:14)
  A merfolk (Shoals:3)
  30 fungi
  88 plants
122 creatures vanquished.

Grand Total: 950 creatures vanquished

Notes
Turn   | Place    | Note
-------+----------+-------------------------------------------
     0 | D:1      | enile the Minotaur Wanderer began the quest for the Orb.
     0 | D:1      | enile set off with the following items: a +0 long sword, a
                  | +0 quarterstaff, a +0 cloak, a scroll of vulnerability, a
                  | +0 leather armour
     0 | D:1      | Reached XP level 1. HP: 14/14 MP: 0/0
    35 | D:1      | Found a faded altar of an unknown god.
    40 | D:1      | Reached skill level 1 in Fighting
    52 | D:1      | Prayed at the altar of an unknown god.
    52 | D:1      | Became a worshipper of Kikubaaqudgha
    52 | D:1      | Reached * piety under Kikubaaqudgha
    52 | D:1      | Received a gift from Kikubaaqudgha
    85 | D:1      | Reached skill level 2 in Fighting
    85 | D:1      | Reached XP level 2. HP: 14/24 MP: 1/1
   487 | D:1      | Reached skill level 3 in Fighting
   735 | D:1      | Reached XP level 3. HP: 31/31 MP: 2/2
  1211 | D:2      | Reached ** piety under Kikubaaqudgha
  1249 | D:2      | Noticed a black bear
  1792 | D:2      | Reached skill level 4 in Fighting
  1795 | D:2      | Reached XP level 4. HP: 41/41 MP: 3/3
  1985 | D:2      | Killed a black bear
  1986 | D:2      | Reached skill level 5 in Fighting
  1986 | D:2      | Reached XP level 5. HP: 41/48 MP: 4/4
  2762 | D:3      | Reached skill level 1 in Shields
  3149 | D:4      | Noticed an ogre
  3549 | D:4      | Found a broken altar of Ashenzari.
  3567 | D:4      | Reached XP level 6. HP: 35/56 MP: 5/5
  3853 | D:4      | Identified the +10 mace "Beastslayer" {elec, rPois SInv}
  3957 | D:4      | Reached *** piety under Kikubaaqudgha
  3957 | D:4      | Received a gift from Kikubaaqudgha
  4201 | D:4      | Fell from the grace of Kikubaaqudgha
  4201 | D:4      | Became a worshipper of Ashenzari the Shackled
  4279 | D:4      | Found a staircase to the Ecumenical Temple.
  4344 | D:5      | Entered Level 5 of the Dungeon
  4380 | D:6      | Reached skill level 5 in Shields
  4630 | D:6      | Reached XP level 7. HP: 61/61 MP: 6/6
  4644 | D:6      | Reached skill level 1 in Maces & Flails
  5539 | D:5      | Reached skill level 6 in Fighting
  5625 | D:5      | Gained mutation: You are partially covered in iridescent
                  | scales. (AC +2) [potion of mutation]
  5625 | D:5      | Gained mutation: You are agile. (Dex +2) [potion of
                  | mutation]
  5628 | D:5      | Reached XP level 8. HP: 50/71 MP: 7/7
  5634 | D:5      | Reached skill level 7 in Fighting
  5854 | D:4      | Reached skill level 5 in Armour
  6678 | D:5      | Reached skill level 8 in Fighting
  7956 | D:7      | Reached skill level 9 in Fighting
  7969 | D:7      | Reached skill level 1 in Evocations
  8002 | D:7      | Was forgiven by Kikubaaqudgha
  8084 | D:8      | Found Febi's Distillery.
  8093 | D:8      | Bought a potion of curing for 42 gold pieces
  8093 | D:8      | Bought a potion of curing for 42 gold pieces
  8093 | D:8      | Bought a potion of mutation for 112 gold pieces
  8093 | D:8      | Bought a potion of haste for 140 gold pieces
  8160 | D:8      | Reached XP level 9. HP: 78/83 MP: 8/8
  8286 | D:8      | Reached skill level 5 in Evocations
  8321 | D:8      | Found a burning altar of Makhleb.
  8322 | D:8      | Noticed a balrug
  8326 | D:8      | Noticed a smoke demon
  8928 | D:8      | Identified the +8 spear of Embarrassment {vorpal, +Blink
                  | rF+ Will+}
  8968 | D:8      | Reached skill level 10 in Fighting
  9713 | D:9      | Reached XP level 10. HP: 94/94 MP: 9/9
  9715 | D:9      | Reached skill level 5 in Throwing
  9822 | D:9      | Lost mutation: You are partially covered in iridescent
                  | scales. (AC +2) [potion of mutation]
  9822 | D:9      | Lost mutation: You are agile. (Dex +2) [potion of mutation]
  9822 | D:9      | Gained mutation: You are resistant to electric shocks.
                  | (rElec) [potion of mutation]
  9822 | D:9      | Gained mutation: You possess an exceptional clarity of
                  | mind. [potion of mutation]
  9823 | D:9      | Lost mutation: You are resistant to electric shocks.
                  | (rElec) [potion of mutation]
  9823 | D:9      | Lost mutation: You possess an exceptional clarity of mind.
                  | [potion of mutation]
  9823 | D:9      | Gained mutation: You are robust. (+10% HP) [potion of
                  | mutation]
  9823 | D:9      | Gained mutation: Your flesh is cold resistant. (rC+)
                  | [potion of mutation]
  9823 | D:9      | Gained mutation: Your flesh is very cold resistant. (rC++)
                  | [potion of mutation]
  9841 | D:9      | Reached skill level 11 in Fighting
 10436 | D:10     | Entered Level 10 of the Dungeon
 10489 | D:10     | Reached * piety under Ashenzari
 10552 | D:10     | Found a staircase to the Lair.
 11306 | D:10     | Noticed a gargoyle
 11331 | D:10     | Killed a gargoyle
 11628 | D:11     | Noticed a two-headed ogre
 11638 | D:11     | Killed a two-headed ogre
 11639 | D:11     | Reached XP level 11. HP: 69/114 MP: 10/10
 12572 | D:10     | Reached skill level 12 in Fighting
 13040 | D:10     | Reached skill level 10 in Shields
 13585 | D:11     | Found a staircase to the Orcish Mines.
 13708 | D:11     | Noticed a centaur warrior
 14300 | D:11     | Killed a centaur warrior
 14513 | D:11     | Reached skill level 5 in Maces & Flails
 14733 | D:11     | Noticed a purple ugly thing
 14740 | D:11     | Killed a purple ugly thing
 14809 | D:11     | Reached ** piety under Ashenzari
 15227 | Lair:1   | Entered Level 1 of the Lair of Beasts
 15864 | Lair:1   | Identified the +1 ring mail of a wizard's laboratory
                  | {+Blink rF+ Stlth+}
 15937 | Lair:1   | Reached XP level 12. HP: 97/126 MP: 11/11
 16351 | Lair:1   | Reached skill level 13 in Fighting
 16770 | Lair:1   | Reached skill level 1 in Dodging
 17231 | Lair:2   | Identified the amulet of Juttoph {Faith rF- Str+4}
 17670 | Lair:2   | Reached skill level 5 in Dodging
 18943 | Lair:3   | Noticed Urug
 18956 | Lair:3   | Killed Urug
 19329 | Lair:3   | Found a runed translucent gate.
 19329 | Lair:3   | Found a runed translucent gate.
 19331 | Lair:3   | Found a runed translucent gate.
 19331 | Lair:3   | Noticed Esoa's ghost (journeyman DsMo)
 19334 | Lair:3   | Noticed a 13-headed hydra
 19672 | Lair:4   | Identified the +1 morningstar "Seaguss" {elec, rC+ Str+4
                  | Dex-4}
 19729 | Lair:4   | Noticed a death yak
 19729 | Lair:4   | Noticed a death yak
 19729 | Lair:4   | Noticed a death yak
 19747 | Lair:3   | Killed a death yak
 19748 | Lair:3   | Reached skill level 10 in Armour
 19962 | Lair:4   | Killed a death yak
 20279 | Lair:4   | Found a hole to the Spider Nest.
 20502 | Lair:4   | Reached *** piety under Ashenzari
 20511 | Lair:4   | Noticed a boulder beetle
 20527 | Lair:4   | Killed a boulder beetle
 20627 | Lair:4   | Reached XP level 13. HP: 131/139 MP: 12/12
 20835 | Lair:4   | Found a staircase to the Shoals.
 21100 | Lair:4   | Identified the Papyrus of Mutagenic Execration
 22761 | Lair:5   | Reached skill level 10 in Maces & Flails
 22770 | Lair:6   | Entered Level 6 of the Lair of Beasts
 25309 | Lair:6   | Reached XP level 14. HP: 120/148 MP: 13/13
 25801 | Lair:6   | Reached skill level 14 in Fighting
 26652 | Lair:6   | Noticed Nessos
 26885 | Lair:5   | Killed Nessos
 27263 | Lair:6   | Reached skill level 15 in Fighting
 28677 | Lair:6   | Found a viscous altar of Jiyva.
 28677 | Lair:6   | Found a staircase to the Slime Pits.
 28984 | Orc:1    | Entered Level 1 of the Orcish Mines
 29419 | Orc:1    | Reached skill level 10 in Evocations
 29618 | Orc:2    | Entered Level 2 of the Orcish Mines
 29864 | Orc:2    | Found Xygiy's Overcharged Wands.
 29881 | Orc:2    | Found Hiehog's Magic Scroll Emporium.
 29906 | Orc:2    | Bought a scroll of holy word for 90 gold pieces
 29906 | Orc:2    | Bought a scroll of summoning for 114 gold pieces
 29906 | Orc:2    | Bought a scroll of teleportation for 36 gold pieces
 29906 | Orc:2    | Bought a scroll of teleportation for 36 gold pieces
 29906 | Orc:2    | Bought a scroll of fog for 24 gold pieces
 29906 | Orc:2    | Bought a scroll of magic mapping for 42 gold pieces
 29906 | Orc:2    | Bought a scroll of vulnerability for 90 gold pieces
 29998 | Orc:2    | Found a staircase to the Elven Halls.
 30232 | Orc:2    | Found Fonkeff's General Store.
 30251 | Orc:2    | Paralysed by an orc sorcerer for 6 turns
 30926 | Orc:2    | Found Humokon's Assorted Antiques.
 30927 | Orc:2    | Found Jonluog's Jewellery Emporium.
 30927 | Orc:2    | Found Enifa's General Store.
 30957 | Orc:2    | Bought a scroll of fog for 32 gold pieces
 30957 | Orc:2    | Bought a wand of iceblast (7) for 176 gold pieces
 30957 | Orc:2    | Bought a scroll of silence for 120 gold pieces
 30957 | Orc:2    | Bought a scroll of immolation for 56 gold pieces
 30972 | Orc:2    | Bought a scroll labelled LOHAKO DATZUL for 27 gold pieces
 30972 | Orc:2    | Bought a scroll of fear for 94 gold pieces
 30972 | Orc:2    | Bought a potion of cancellation for 216 gold pieces
 31019 | Orc:2    | Bought a wand of digging (11) for 450 gold pieces
 31142 | D:12     | Reached XP level 15. HP: 129/161 MP: 14/14
 31855 | D:12     | Identified the +0 pair of boots "Soegateu" {Str+5}
 33677 | D:13     | Reached **** piety under Ashenzari
 34632 | D:14     | Found a gate to the Vaults.
 34793 | D:13     | Reached skill level 16 in Fighting
 35564 | D:14     | Reached skill level 10 in Dodging
 35595 | D:15     | Entered Level 15 of the Dungeon
 35824 | D:15     | Found a staircase to the Depths.
 35993 | D:15     | Noticed Azrael
 36002 | D:15     | Killed Azrael
 36876 | Shoals:1 | Entered Level 1 of the Shoals
 37532 | Shoals:2 | Reached XP level 16. HP: 131/172 MP: 15/15
 37823 | Shoals:2 | Reached skill level 10 in Throwing
 39188 | Shoals:4 | Entered Level 4 of the Shoals
 41023 | Shoals:3 | Cast into level 3 of the Abyss (merfolk)
 41041 | Abyss:3  | Reached ***** piety under Ashenzari
 41051 | Shoals:3 | Escaped the Abyss
 43612 | Shoals:3 | Succumbed to a sea snake's poison

Illustrated notes

Levels and vault maps discovered:
D:1:      dpeg_arrival_shrine, layout_rooms, serial_glass, glass_columns_b,
          glass_columns_b, basic_ecumenical_altar, kennysheep_pointless_box,
          lexackson_kobold_supper
D:2:      layout_basic
D:3:      layout_rooms
D:4:      layout_basic, mainiacjoe_overflow_paths,
          minmay_temple_entry_nine_rooms
D:5:      layout_basic
D:6:      layout_rooms
D:7:      layout_basic, kennysheep_generic_room_11, uniq_duvessa
D:8:      layout_loops_corners, makhleb_altar_promises_db, serial_shops,
          nicolae_diamond_shop
D:9:      layout_roguey [special_room_orc]
D:10:     layout_roguey, david_lair_shrubbed
D:11:     layout_basic, erik_orc_4
D:12:     layout_loops_cross
D:13:     four-leaf_vault, layout_cave_pools, special_room [special_room_orc]
D:14:     layout_irregular_city, ximxim_vaults_locker_room,
          grunt_decor_one_mirror, onia_ninara_cookie
D:15:     grunt_enter_depths_snipers, layout_loops_ring, chequers_arboretum,
          uniq_azrael
Lair:1:   layout_cave_pods
Lair:2:   layout_misc_corridors
Lair:3:   layout_regular_city, gammafunk_ghost_hydra_chop, uniq_urug
Lair:4:   layout_small_grid, minmay_shoals_entry_hut, dummy_spider_entry,
          lemuel_fruit_tree
Lair:5:   layout_hall_layers, forest_entry_grove, grunt_megastairs_2
Lair:6:   evilmike_catoblepas_cave, layout_regular_city,
          dpeg_slime_entry_enclosed_altar, minivault_19, uniq_nessos
Shoals:1: layout_shoals
Shoals:2: layout_shoals, nicolae_shoals_seven_spires
Shoals:3: layout_shoals, nicolae_shoals_lost_giant_amphitheater
Shoals:4: shoals_end_simple, layout_shoals
Orc:1:    layout_caves
Orc:2:    st_orc_elflike, layout_diamond_mine, special_room, serial_shops, shop,
          nicolae_shop_overcharged_wands

Skill      XL: |  1  2  3  4  5  6  7  8  9 10 11 12 13 14 15 16 |
---------------+-------------------------------------------------+-----
Fighting       | 2 3 4 5 6 9 10 11 12 13 15 16 | 16.8
Armour         | 3 4 6 7 8 10 11 12 | 12.3
Shields        | 2 5 6 7 9 12 13 14 | 14.5
Maces & Flails | 3 6 8 11 13 14 | 14.1
Evocations     | 2 5 7 8 10 11 12 | 12.6
Throwing       | 4 6 9 10 | 10.0
Dodging        | 6 7 10 | 10.0
Long Blades    | |  3.6
Staves         | |  1.2
Stealth        | |  4.1
Invocations    | |  1.0

Action                   |  1- 3 |  4- 6 |  7- 9 | 10-12 | 13-15 | 16-18 || total
-------------------------+-------+-------+-------+-------+-------+-------++-------
Melee: Long sword        |    38 |       |       |       |       |       ||    38
       Headbutt          |     9 |    17 |    45 |   170 |   344 |    88 ||   673
       Quarterstaff      |    33 |    90 |       |       |       |       ||   123
       Mace              |       |    22 |   303 |   531 |       |       ||   856
       Morningstar       |       |       |       |    76 |  1221 |   411 ||  1708
Throw: Javelin           |     4 |       |       |    22 |    72 |     7 ||   105
       Throwing net      |       |     2 |     6 |       |       |     1 ||     9
       Dart              |       |     8 |    10 |    22 |    63 |    11 ||   114
Invok: Curse Item        |       |       |       |     5 |     1 |     2 ||     8
 Abil: Evoke Blink       |       |       |       |     4 |    17 |     4 ||    25
Evoke: Wand              |       |       |     2 |     7 |    44 |    20 ||    73
       Lightning rod     |       |       |       |       |       |     4 ||     4
  Use: Scroll            |       |     2 |    10 |     1 |     9 |     3 ||    25
       Potion            |       |       |     5 |     3 |     5 |     1 ||    14
 Stab: Sleeping          |    11 |     6 |     4 |     4 |     7 |     1 ||    33
       Held in net/web   |       |       |     4 |       |       |       ||     4
       Distracted        |       |       |     1 |       |     2 |     1 ||     4
       Petrified         |       |       |       |       |    20 |       ||    20
Armor: Leather armour    |    30 |       |       |       |       |       ||    30
       Ring mail         |     1 |    48 |   102 |   182 |   341 |    92 ||   766
       Skin              |       |       |    25 |       |       |       ||    25
Dodge: Dodged            |    44 |    51 |    93 |   221 |   470 |   211 ||  1090
Block: Tower shield      |       |    23 |   367 |   859 |  1576 |   540 ||  3365

Table legend: (Time is in decaauts)
 A = Elapsed time spent in this place.
 B = Non-inter-level travel time spent in this place.
 C = Inter-level travel time spent in this place.
 D = Time resting spent in this place.
 E = Time spent auto-exploring this place.
 F = Levels seen in this place.
 G = Mean time per level.
                   A        B        C        D        E       F      G
               +--------+--------+--------+--------+--------+-----+--------+
         Total |  44287 |  42659 |   1628 |  10538 |  24885 |  28 | 1581.7 |
       Dungeon |  21943 |  20999 |    944 |   4847 |  12473 |  15 | 1462.9 |
          Lair |  13589 |  13103 |    486 |   2309 |   8690 |   6 | 2264.8 |
        Shoals |   6872 |   6758 |    114 |   2800 |   2904 |   4 | 1718.0 |
  Orcish Mines |   1854 |   1771 |     83 |    581 |    817 |   2 |  927.0 |
         Abyss |     27 |     27 |      0 |      0 |      0 |   1 |   27.0 |
               +--------+--------+--------+--------+--------+-----+--------+

Top non-repeatable levels by time:
  Lair:4: 4268 daAuts
    D:10: 4102 daAuts
  Lair:6: 3385 daAuts
Shoals:3: 3381 daAuts
    D:13: 2174 daAuts
  Lair:1: 1977 daAuts
     D:5: 1949 daAuts
  Lair:3: 1678 daAuts
     D:8: 1495 daAuts
  Lair:5: 1492 daAuts
    D:11: 1466 daAuts
     D:6: 1465 daAuts
     D:1: 1458 daAuts
Shoals:2: 1262 daAuts
    D:14: 1242 daAuts
